 Dungeon Crawl Stone Soup version 0.28.0-43-g3370ac3207 (webtiles) character file.

Game seed: 13618223301144236863

46311 CrazyMind the Covert (level 14, -11/165 HPs)
             Began as a Gnoll Brigand on Mar 13, 2022.
             Was an Initiate of Gozag.
             Mangled by a hell knight
             ... wielding a +1 halberd of flaming
              (21 damage)
             ... in a volcano on Mar 15, 2022.
             The game lasted 01:52:01 (18916 turns).

CrazyMind the Covert (Gnoll Brigand)               Turns: 18916, Time: 01:52:02

Health: -11/165    AC: 19    Str: 16    XL:     14   Next: 37%
Magic:  27/27      EV: 17    Int: 10    God:    Gozag
Gold:   2027       SH:  0    Dex: 18    Spells: 23/31 levels left

rFire   + . .      SeeInvis .   a - +8 mace of Context {vorpal, Will+ Dex+4}
rCold   + . .      Faith    .   (no shield)
rNeg    . . .      Spirit   .   p - +0 acid dragon scales
rPois   +          Reflect  .   i - +1 helmet
rElec   +          Harm     .   c - +0 cloak
rCorr   +          Rampage  .   (no gloves)
Will    ++...                   t - +2 pair of boots
Stlth   ..........              s - amulet of regeneration
HPRegen 1.17/turn               U - ring of poison resistance
MPRegen 0.20/turn               B - +4 ring of protection

@: berserking (expiring), resistant, gold aura, hasted, studying 2 skills, very
quick
A: fangs 1, strong nose, distributed training
a: Renounce Religion, Potion Petition, Call Merchant, Bribe Branch


You were in a volcano.
You worshipped Gozag.
Gozag was most pleased with you.
You visited 3 branches of the dungeon, and saw 19 of its levels.
You also visited: Volcano.

You collected 4239 gold pieces.
You spent 2134 gold pieces at shops.
You paid 78 gold pieces to Gozag.

Inventory:

Hand Weapons
 a - the +8 mace of Context (weapon) {vorpal, Will+ Dex+4}
   (You found it on level 4 of the Dungeon)

   It inflicts extra damage upon your enemies.
   Dex:       It affects your dexterity (+4).
   Will:      It increases your willpower.
 b - a +4 dagger
 D - a +1 dagger of venom
Missiles
 d - 42 poisoned darts
 e - 2 curare-tipped darts
 g - 5 atropa-tipped darts
 n - 2 javelins
 q - 3 boomerangs (quivered)
 S - 2 throwing nets
Armour
 c - a +0 cloak (worn)
 i - a +1 helmet (worn)
 p - +0 acid dragon scales (worn)
 t - a +2 pair of boots (worn)
Jewellery
 s - an amulet of regeneration (around neck)
 B - a +4 ring of protection (right hand)
 U - a ring of poison resistance (left hand)
Wands
 u - a wand of polymorph (16)
 H - a wand of charming (6)
 I - a wand of mindburst (11)
 J - a wand of acid (5)
 Q - a wand of digging (4)
 T - a wand of paralysis (5)
Scrolls
 x - 2 scrolls of magic mapping
 y - a scroll of fear
 z - 2 scrolls of summoning
 A - a scroll of holy word
 C - 6 scrolls of teleportation
 E - a scroll of enchant weapon {unknown}
 V - 2 scrolls of fog
 Y - a scroll of amnesia
Potions
 f - 5 potions of mutation
 k - 2 potions of curing
 l - 6 potions of attraction
 m - 2 potions of flight
 o - 5 potions of cancellation
 r - 2 potions of brilliance
 w - 3 potions of ambrosia
 L - 2 potions of haste
Miscellaneous
 j - a phantom mirror


   Skills:
 + Level 10.3 Fighting
 + Level 10.3 Short Blades
 + Level 9.2 Long Blades
 + Level 9.2 Axes
 + Level 11.6 Maces & Flails
 + Level 9.2 Polearms
 + Level 9.2 Staves
 + Level 9.2 Slings
 + Level 9.2 Bows
 + Level 9.2 Crossbows
 + Level 11.5 Throwing
 + Level 9.2 Armour
 + Level 9.5 Dodging
 + Level 11.9 Stealth
 + Level 9.2 Shields
 + Level 9.2 Unarmed Combat
 + Level 9.2 Spellcasting
 + Level 7.6 Conjurations
 + Level 7.6 Hexes
 + Level 7.6 Summonings
 + Level 7.6 Necromancy
 + Level 7.6 Translocations
 + Level 7.6 Transmutations
 + Level 7.6 Fire Magic
 + Level 7.6 Ice Magic
 + Level 7.6 Air Magic
 + Level 7.6 Earth Magic
 + Level 7.6 Poison Magic
 + Level 10.0 Invocations
 + Level 9.2 Evocations


You had 23 spell levels left.
You knew the following spells:

 Your Spells              Type           Power      Damage    Failure   Level
a - Wereblood             Tmut           19%        N/A       1%          2
b - Portal Projectile     Hex/Tloc       38%        N/A       2%          3
c - Swiftness             Air            19%        N/A       2%          3

Your spell library contained the following spells:

 Spells                   Type           Power      Damage    Failure   Level
 Beastly Appendage        Tmut           38%        N/A       1%          1
 Shock                    Conj/Air       76%        1d7       1%          1
 Ensorcelled Hibernation  Hex/Ice        38%        N/A       1%          2
 Call Canine Familiar     Summ           19%        N/A       2%          3
 Dazzling Flash           Conj/Hex       38%        N/A       2%          3
 Gell's Gravitas          Tloc           19%        N/A       2%          3
 Lesser Beckoning         Tloc           19%        N/A       2%          3
 Spider Form              Tmut/Pois      19%        N/A       2%          3
 Summon Guardian Golem    Hex/Summ       19%        N/A       2%          3
 Teleport Other           Tloc           19%        N/A       2%          3
 Airstrike                Air            9%         N/A       9%          4
 Hailstorm                Conj/Ice       19%        3d6       9%          4
 Iskenderun's Mystic Bla  Conj/Tloc      19%        2d6       9%          4
 Leda's Liquefaction      Hex/Erth       9%         N/A       9%          4
 Lee's Rapid Deconstruct  Erth           9%         3d8*      22%         5
 Iron Shot                Conj/Erth      9%         9d3       77%         6
 Starburst                Conj/Fire      9%         6d5       77%         6
 Statue Form              Tmut/Erth      12%        N/A       77%         6
 Orb of Destruction       Conj           9%         9d6       100%        7
 Spellforged Servitor     Conj/Summ      9%         N/A       100%        7
 Death's Door             Necr           9%         N/A       100%        9


Dungeon Overview and Level Annotations

Branches:
Dungeon (12/15)            Temple (1/1) D:4            Lair (6/6) D:8
 Shoals (0/4) Lair:3       Spider (0/4) Lair:2        Slime (0/5) Lair:6
    Orc (0/2) D:10        Volcano (1/1)

Altars:
Ashenzari
Cheibriados
Dithmenos
Elyvilon
Fedhas
Gozag
Hepliaklqana
Kikubaaqudgha
Makhleb
Nemelex Xobeh
Okawaru
Qazlal
Ru
Sif Muna
Trog
Uskayaw
Vehumet
Wu Jian
Xom
Yredelemnul
Zin
The Shining One

Shops:
D:3 !   D:6 *   D:7 :

Annotations:
D:12 exclusion: 2 wraiths, Josephine, Sonja


Innate Abilities, Weirdness & Mutations

You have very sharp teeth.
Your uncanny sense of smell can sniff out nearby items.
Your experience applies equally to all skills.


Message History

The floor, spattered with blood.
Unknown command.
Unknown command.
You feel yourself speed up.
You howl as the wereblood boils in your veins!
The hell knight is distracted by your dazzling golden aura.
The centaur warrior shoots an arrow.
The arrow hits you!
* * * LOW HITPOINT WARNING * * *
The arrow burns you.
* * * LOW HITPOINT WARNING * * *
The hell knight shouts!
You feel better.
The centaur warrior shoots an arrow.
The arrow misses you.
A red film seems to cover your vision as you go berserk!
You feel yourself moving faster!
You feel mighty!
The centaur warrior is distracted by your dazzling golden aura.
You feel a strong urge to attack something.
You sock the centaur warrior!
The centaur warrior is no longer distracted by gold.
The centaur warrior is heavily wounded.
The centaur warrior unwields a +1 shortbow of flaming.
It stops flaming.
The centaur warrior hits you but does no damage.
The centaur warrior barely misses you.
You bludgeon the centaur warrior!!
You feel a bit better.
You kill the centaur warrior!
You howl as the wereblood boils in your veins!
The hell knight is no longer distracted by gold.
Your primal bloodlust has ended.
The hell knight hits you from afar with a +1 halberd of flaming!!
* * * LOW HITPOINT WARNING * * *
The hell knight burns you.
* * * LOW HITPOINT WARNING * * *
The lava snake spits lava at you. The glob of lava misses you.
Things that are here:
21 gold pieces; a +1 shortbow of flaming; 24 arrows You feel a strong urge to attack something.
The hell knight hits you with a +1 halberd of flaming!!
You die...
Your body crumbles into a pile of gold.

#.#≈#####.#
#.##8###.## ####
##.###.#.# ...####
#.##.#.#8# ≈≈....####
##.#.###8#
≈≈≈.....8####.##∩# ##
≈≈§≈§§.......###.##
§§≈§....8######8$8#
§§§≈§..### ##@##
≈§§≈≈..## #.≈$Sp≈.§#
≈§§§§§..## #≈.≈.Sc§§#
§≈§§§§§..####.≈.≈.§§§#
≈≈≈≈§§≈≈...##≈.≈.≈§§§#
≈≈≈≈≈≈≈≈...##[≈.≈.§§§#
§§≈≈≈≈§...###≈!§§≈§§)#
§≈≈≈§....## ##########
≈≈§≈≈...##


You could see a hell knight (corroded), a yaktaur and 2 lava snakes.

Vanquished Creatures
  Gastronok (Lair:2)
  9 hydras
  A centaur warrior (Volcano)
  The ghost of P0WERM0DE the Grappler, a novice VSAK of Lugonu (D:10)
  Pikel (D:8)
  An orb spider (Lair:2)
  The ghost of Cykl0x the Geomancer, a novice GrEE of Vehumet (D:7)
  A deep elf zephyrmancer (D:11)
  An oklob plant (Lair:4)
  The ghost of MixedWithMadness the Spear-Bearer, a novice HuWr of Yredelemnul (D:5)
  2 deep elf pyromancers (D:12)
  A cyclops (D:11)
  17 elephants
  A merfolk siren (Lair:3)
  4 black mambas
  9 cane toads
  An unseen horror (D:8)
  A torpor snail (Lair:2)
  Maggie (D:7)
  2 rime drakes
  A yaktaur (Volcano)
  2 komodo dragons
  2 polar bears
  3 trolls
  11 blink frogs
  A hornet (D:4)
  6 dream sheep (Lair:2)
  7 wyverns
  2 vampires (D:12)
  4 wraiths
  41 yaks
  8 fire bats (Volcano)
  4 basilisks
  A steam dragon (D:7)
  2 acid dragons
  13 water moccasins
  2 black bears
  8 orc warriors
  An ice beast (D:7)
  A sky beast (D:7)
  15 wolves
  A necrophage (D:6)
  4 centaurs
  4 ogres
  2 phantoms
  2 lemures (D:8)
  5 kobold brigands
  13 bullfrogs
  2 gnoll sergeants (D:10)
  3 scorpions
  2 water moccasin zombies (D:6)
  3 wyvern zombies
  8 killer bees
  12 wights
  2 howler monkeys (D:11)
  3 electric eels
  2 hounds (D:6)
  6 lava snakes (Volcano)
  A bullfrog zombie (D:6)
  A gnoll shaman (D:8)
  2 jellies
  3 orc priests
  5 centaur zombies
  2 centaur skeletons
  4 iguanas
  3 orc wizards (D:11)
  A killer bee zombie (D:6)
  3 hound skeletons (D:4)
  2 howler monkey zombies
  6 gnolls
  A howler monkey skeleton (D:6)
  10 adders
  2 shadow imps
  A white imp (D:7)
  An adder zombie (D:4)
  2 worms
  A dart slug (D:3)
  20 orcs
  6 bats
  9 endoplasms
  3 giant cockroaches
  13 goblins
  5 hobgoblins
  12 kobolds
  2 quokkas
  4 ball pythons
  9 frilled lizards
  7 rats
407 creatures vanquished.

Vanquished Creatures (others)
  30 fungi
  77 plants
107 creatures vanquished.

Grand Total: 514 creatures vanquished

Notes
Turn   | Place    | Note
-------+----------+-------------------------------------------
     0 | D:1      | CrazyMind the Gnoll Brigand began the quest for the Orb.
     0 | D:1      | Reached XP level 1. HP: 20/20 MP: 1/1
   293 | D:1      | Reached XP level 2. HP: 19/26 MP: 2/2
  1336 | D:2      | Reached XP level 3. HP: 23/31 MP: 3/3
  2079 | D:2      | Reached skill level 1 in Invocations
  2214 | D:2      | Reached skill level 1 in Long Blades
  2214 | D:2      | Reached skill level 1 in Axes
  2214 | D:2      | Reached skill level 1 in Maces & Flails
  2214 | D:2      | Reached skill level 1 in Polearms
  2214 | D:2      | Reached skill level 1 in Staves
  2214 | D:2      | Reached skill level 1 in Slings
  2214 | D:2      | Reached skill level 1 in Bows
  2214 | D:2      | Reached skill level 1 in Crossbows
  2214 | D:2      | Reached skill level 1 in Armour
  2214 | D:2      | Reached skill level 1 in Shields
  2214 | D:2      | Reached skill level 1 in Unarmed Combat
  2214 | D:2      | Reached skill level 1 in Spellcasting
  2214 | D:2      | Reached skill level 1 in Evocations
  2235 | D:2      | Reached XP level 4. HP: 38/38 MP: 5/5
  2675 | D:3      | Reached skill level 1 in Conjurations
  2675 | D:3      | Reached skill level 1 in Hexes
  2675 | D:3      | Reached skill level 1 in Summonings
  2675 | D:3      | Reached skill level 1 in Necromancy
  2675 | D:3      | Reached skill level 1 in Translocations
  2675 | D:3      | Reached skill level 1 in Transmutations
  2675 | D:3      | Reached skill level 1 in Fire Magic
  2675 | D:3      | Reached skill level 1 in Ice Magic
  2675 | D:3      | Reached skill level 1 in Air Magic
  2675 | D:3      | Reached skill level 1 in Earth Magic
  2675 | D:3      | Reached skill level 1 in Poison Magic
  2823 | D:3      | Found a broken altar of Ashenzari.
  2835 | D:3      | Found a burning altar of Makhleb.
  2836 | D:3      | Found an ornate altar of the Wu Jian Council.
  2836 | D:3      | Found a snail-covered altar of Cheibriados.
  2893 | D:3      | Found Nausiaf's Distillery.
  2901 | D:3      | Bought a potion of curing for 42 gold pieces
  3031 | D:3      | Noticed a water moccasin
  3095 | D:3      | Reached XP level 5. HP: 43/43 MP: 5/7
  3300 | D:3      | Killed a water moccasin
  3301 | D:3      | Reached XP level 6. HP: 50/50 MP: 8/8
  3434 | D:4      | Found a large runed translucent door.
  3435 | D:4      | Found a large runed translucent door.
  3595 | D:4      | Reached skill level 5 in Fighting
  3595 | D:4      | Reached skill level 5 in Short Blades
  3595 | D:4      | Reached skill level 5 in Throwing
  3647 | D:4      | Found a glowing golden altar of the Shining One.
  3773 | D:4      | Found a large runed translucent door.
  3978 | D:4      | Noticed a hornet
  4021 | D:4      | Found a large runed translucent door.
  4097 | D:4      | Noticed an acid dragon
  4101 | D:4      | Noticed a wyvern
  4101 | D:4      | an acid dragon changed into a wyvern
  4159 | D:4      | Reached XP level 7. HP: 56/56 MP: 10/10
  4204 | D:4      | Killed a wyvern
  4222 | D:4      | Found a staircase to the Ecumenical Temple.
  4231 | Temple   | Entered the Ecumenical Temple
  4620 | Temple   | Became a worshipper of Gozag Ym Sagoz the Greedy
  4746 | D:5      | Entered Level 5 of the Dungeon
  4929 | D:5      | Found a runed translucent gate.
  5022 | D:5      | Reached XP level 8. HP: 63/63 MP: 12/12
  5192 | D:5      | Found a runed translucent gate.
  5193 | D:5      | Found a runed translucent gate.
  5213 | D:5      | Noticed MixedWithMadness's ghost (novice HuWr)
  5804 | D:6      | Found Anor's General Store.
  5815 | D:6      | Bought a scroll of noise for 12 gold pieces
  5870 | D:6      | Reached XP level 9. HP: 59/69 MP: 14/14
  5913 | D:6      | Found a basalt altar of Yredelemnul.
  6083 | D:6      | Found a hazy altar of Hepliaklqana.
  6330 | D:4      | Killed a hornet
  6331 | D:4      | Reached skill level 5 in Dodging
  6334 | D:4      | Got the Incunabulum of Supportive Ice
  6389 | D:4      | Identified the +8 mace of Context {vorpal, Will+ Dex+4}
  6750 | D:7      | Reached skill level 5 in Invocations
  6753 | D:7      | Found Atuuroem's Self-Improvement Boutique.
  6872 | D:7      | Noticed Maggie
  6898 | D:7      | Found a runed translucent door.
  6904 | D:7      | Noticed Cykl0x's ghost (novice GrEE)
  6993 | D:7      | Reached XP level 10. HP: 71/76 MP: 17/17
  7157 | D:7      | Learned a level 2 spell: Wereblood
  7445 | D:8      | Found a sacrificial altar of Ru.
  7499 | D:8      | Reached skill level 5 in Long Blades
  7499 | D:8      | Reached skill level 5 in Axes
  7499 | D:8      | Reached skill level 5 in Maces & Flails
  7499 | D:8      | Reached skill level 5 in Polearms
  7499 | D:8      | Reached skill level 5 in Staves
  7499 | D:8      | Reached skill level 5 in Slings
  7499 | D:8      | Reached skill level 5 in Bows
  7499 | D:8      | Reached skill level 5 in Crossbows
  7499 | D:8      | Reached skill level 5 in Armour
  7499 | D:8      | Reached skill level 5 in Shields
  7499 | D:8      | Reached skill level 5 in Unarmed Combat
  7499 | D:8      | Reached skill level 5 in Spellcasting
  7499 | D:8      | Reached skill level 5 in Evocations
  7621 | D:8      | Found a radiant altar of Vehumet.
  8157 | D:8      | Found a staircase to the Lair.
  8259 | D:8      | Noticed Pikel
  8287 | D:8      | Killed Pikel
  8332 | D:7      | Bought a manual of Maces & Flails for 1040 gold pieces
  8585 | D:9      | Reached XP level 11. HP: 79/84 MP: 19/19
  9342 | D:10     | Entered Level 10 of the Dungeon
  9364 | D:10     | Found a large runed translucent door.
  9364 | D:10     | Found a large runed translucent door.
  9374 | D:10     | Reached skill level 5 in Conjurations
  9374 | D:10     | Reached skill level 5 in Hexes
  9374 | D:10     | Reached skill level 5 in Summonings
  9374 | D:10     | Reached skill level 5 in Necromancy
  9374 | D:10     | Reached skill level 5 in Translocations
  9374 | D:10     | Reached skill level 5 in Transmutations
  9374 | D:10     | Reached skill level 5 in Fire Magic
  9374 | D:10     | Reached skill level 5 in Ice Magic
  9374 | D:10     | Reached skill level 5 in Air Magic
  9374 | D:10     | Reached skill level 5 in Earth Magic
  9374 | D:10     | Reached skill level 5 in Poison Magic
  9405 | D:10     | Learned a level 3 spell: Portal Projectile
  9409 | D:10     | Learned a level 3 spell: Swiftness
  9412 | D:10     | Noticed P0WERM0DE's ghost (novice VSAK)
  9432 | D:10     | Reached skill level 10 in Stealth
  9613 | D:10     | Found a staircase to the Orcish Mines.
  9950 | D:10     | Found a white marble altar of Elyvilon.
 10254 | Lair:1   | Entered Level 1 of the Lair of Beasts
 11280 | Lair:2   | Reached XP level 12. HP: 52/94 MP: 22/22
 11678 | Lair:2   | Noticed a six-headed hydra
 11698 | Lair:2   | Found a hole to the Spider Nest.
 11786 | Lair:2   | Noticed Gastronok
 11835 | Lair:2   | Killed Gastronok
 12352 | Lair:3   | Found a staircase to the Shoals.
 12581 | D:7      | Bought a manual of Throwing for 1040 gold pieces
 12811 | Lair:3   | Noticed a six-headed hydra
 13345 | Lair:4   | Noticed a five-headed hydra
 13600 | Lair:4   | Noticed a four-headed hydra
 13837 | D:5      | Killed MixedWithMadness's ghost
 13979 | D:7      | Killed Cykl0x's ghost
 14015 | D:7      | Killed Maggie
 14289 | Lair:2   | Killed a six-headed hydra
 14290 | Lair:2   | Reached XP level 13. HP: 69/101 MP: 24/24
 14575 | D:10     | Killed P0WERM0DE's ghost
 15205 | D:12     | Noticed Sonja
 15553 | D:12     | Reached skill level 10 in Maces & Flails
 15553 | D:12     | Reached skill level 10 in Throwing
 15640 | D:12     | Noticed Josephine
 15888 | D:12     | Got the Grimoire of Sand
 15909 | D:12     | Got the Papyrus of Dhcmrlchtdj
 17612 | Lair:5   | Found a hazy altar of Hepliaklqana.
 17846 | Lair:5   | Reached skill level 10 in Fighting
 17846 | Lair:5   | Reached skill level 10 in Short Blades
 17846 | Lair:5   | Reached XP level 14. HP: 110/110 MP: 26/26
 18565 | Lair:5   | You fall into a shaft and drop 1 floor!
 18565 | Lair:6   | Entered Level 6 of the Lair of Beasts
 18704 | Lair:6   | Found a dark tunnel.
 18717 | Volcano  | Entered a volcano
 18822 | Volcano  | Reached skill level 10 in Invocations
 18916 | Volcano  | Mangled by a hell knight

Illustrated notes

Levels and vault maps discovered:
D:1:      psy_arrival_radial01, layout_loops_corners, grunt_decor_clamped
D:2:      minmay_general_purpose_star, layout_rooms, minivault_26
D:3:      layout_loops_corners, mainiacjoe_overflow_alcove_3, serial_shops,
          nicolae_diamond_shop, st_stairs_12
D:4:      layout_rooms, lemuel_tele_altar, minmay_temple_entry_poolview,
          corexii_hall_statues_u, minmay_hollow_rounded_squares
D:5:      layout_rooms, ebering_ghost_rock_garden, minmay_lizard_king
D:6:      layout_rooms, nzn_hepliaklqana_mist_gate,
          nicolae_yredelemnul_corpse_copse, serial_shops,
          nicolae_shop_statue_plus, kennysheep_generic_room_4
D:7:      layout_loops_ring, ebering_ghost_reflecting_pool,
          nicolae_shop_self_help, uniq_maggie
D:8:      layout_rooms, hangedman_ru_absence, kennysheep_mini_moat,
          minmay_lair_entry_grove, uniq_pikel
D:9:      layout_layer_cave, hangedman_abyss_or_decor_passed
D:10:     layout_roguey, marbit_many_paths,
          kennysheep_orc_monster_closet_entryway, ebering_ghost_disaster_area
D:11:     layout_rooms
D:12:     layout_loops_corners, bh_hangedman_babel_library, uniq_sonja,
          uniq_josephine
Temple:   minmay_temple_forest_path
Lair:1:   layout_regular_city, grunt_megastairs_2
Lair:2:   layout_loops_ring, nicolae_spider_entry_orb_guardian,
          wad_woods_river_01, uniq_gastronok
Lair:3:   layout_roguey, minmay_shoals_entry_lonely_mermaid
Lair:4:   layout_gridlike, minmay_lair_oklob_items, serial_bayou_shore_b,
          serial_bayou_shore_a
Lair:5:   layout_misc_corridors, basic_altar
Lair:6:   hellmonk_lair_end_abyssal_woods, layout_cellular_growth,
          dpeg_slime_entry_enclosed_altar, ebering_ghost_xom, enter_volcano_2
Volcano:  volcano_grotto [vgs_hot_hot_hot]

Skill      XL: |  1  2  3  4  5  6  7  8  9 10 11 12 13 14 |
---------------+-------------------------------------------+-----
Invocations    | 1 2 3 4 5 6 7 8 9 10 | 10.0
Long Blades    | 1 2 3 4 5 6 7 8 9 |  9.2
Axes           | 1 2 3 4 5 6 7 8 9 |  9.2
Maces & Flails | 1 2 3 4 6 7 9 11 | 11.6
Polearms       | 1 2 3 4 5 6 7 8 9 |  9.2
Staves         | 1 2 3 4 5 6 7 8 9 |  9.2
Slings         | 1 2 3 4 5 6 7 8 9 |  9.2
Bows           | 1 2 3 4 5 6 7 8 9 |  9.2
Crossbows      | 1 2 3 4 5 6 7 8 9 |  9.2
Armour         | 1 2 3 4 5 6 7 8 9 |  9.2
Shields        | 1 2 3 4 5 6 7 8 9 |  9.2
Unarmed Combat | 1 2 3 4 5 6 7 8 9 |  9.2
Spellcasting   | 1 2 3 4 5 6 7 8 9 |  9.2
Evocations     | 1 2 3 4 5 6 7 8 9 |  9.2
Conjurations   | 1 2 3 4 5 6 7 |  7.6
Hexes          | 1 2 3 4 5 6 7 |  7.6
Summonings     | 1 2 3 4 5 6 7 |  7.6
Necromancy     | 1 2 3 4 5 6 7 |  7.6
Translocations | 1 2 3 4 5 6 7 |  7.6
Transmutations | 1 2 3 4 5 6 7 |  7.6
Fire Magic     | 1 2 3 4 5 6 7 |  7.6
Ice Magic      | 1 2 3 4 5 6 7 |  7.6
Air Magic      | 1 2 3 4 5 6 7 |  7.6
Earth Magic    | 1 2 3 4 5 6 7 |  7.6
Poison Magic   | 1 2 3 4 5 6 7 |  7.6
Dodging        | 3 4 5 6 7 8 9 |  9.5
Stealth        | 8 9 10 11 | 11.9
Fighting       | 5 6 7 8 9 10 | 10.3
Short Blades   | 5 6 7 8 9 10 | 10.3
Throwing       | 5 6 7 8 9 11 | 11.5

Action                   |  1- 3 |  4- 6 |  7- 9 | 10-12 | 13-15 || total
-------------------------+-------+-------+-------+-------+-------++-------
Melee: Dagger            |   102 |    79 |   126 |    20 |     6 ||   333
       Bite              |     9 |     5 |    56 |    77 |   103 ||   250
       Punch             |       |     1 |     7 |    22 |    54 ||    84
       Long sword        |       |       |   157 |       |       ||   157
       Hand axe          |       |       |    12 |       |       ||    12
       Mace              |       |       |    41 |   638 |   602 ||  1281
Throw: Dart              |     4 |    12 |    10 |     2 |       ||    28
       Boomerang         |       |     2 |    17 |    23 |    31 ||    73
 Cast: Wereblood         |       |       |       |     8 |     1 ||     9
Evoke: Wand              |       |     2 |       |     9 |     1 ||    12
  Use: Scroll            |       |     3 |     4 |    10 |     5 ||    22
       Potion            |       |     3 |     2 |     3 |     5 ||    13
 Stab: Sleeping          |     9 |    14 |    19 |    27 |     7 ||    76
       Distracted        |       |       |       |     6 |     7 ||    13
       Paralysed         |       |       |       |     1 |       ||     1
Armor: Robe              |     4 |       |       |       |       ||     4
       Scale mail        |    26 |    14 |     2 |       |       ||    42
       Acid dragon scale |       |       |   144 |   147 |   295 ||   586
Dodge: Dodged            |    35 |    25 |   232 |   539 |   507 ||  1338
